 Dungeon Crawl Stone Soup version 0.28-a0-1506-g3893175d92 (webtiles) character file.

Game seed: 14145613074846181899

413 lonewolfV2 the Covered (level 6, 0/55 HPs)
             Began as a Minotaur Fighter on Jan 13, 2022.
             Slain by Grinder (3 damage)
             ... on level 4 of the Dungeon.
             The game lasted 00:05:41 (4463 turns).

lonewolfV2 the Covered (Minotaur Fighter)           Turns: 4463, Time: 00:05:42

Health: 0/55       AC:  9    Str: 22    XL:     6   Next: 59%
Magic:  5/5        EV: 10    Int:  5    God:
Gold:   189        SH:  4    Dex: 10    Spells: 5/5 levels left

rFire   . . .      SeeInvis .   a - +0 war axe (freeze)
rCold   . . .      Faith    .   c - +0 buckler
rNeg    . . .      Spirit   .   b - +2 scale mail
rPois   .          Reflect  .   (helmet restricted)
rElec   .          Harm     +   e - scarf {harm}
rCorr   .          Rampage  .   (no gloves)
Will    .....                   (no boots)
Stlth   ..........              (no amulet)
HPRegen 0.18/turn               (no ring)
MPRegen 0.09/turn               (no ring)

@: mighty
A: horns 2, retaliatory headbutt
a: no special abilities


You were on level 4 of the Dungeon.
You visited 1 branch of the dungeon, and saw 4 of its levels.
You also visited: Sewer.

You collected 189 gold pieces.

Inventory:

Hand Weapons
 a - a +0 war axe of freezing (weapon)
 f - a +4 short sword
Armour
 b - a +2 scale mail (worn)
 c - a +0 buckler (worn)
 e - a scarf of harm (worn)
Jewellery
 i - an amulet of faith
 k - a +4 ring of protection
Wands
 q - a wand of iceblast (8)
Scrolls
 l - a scroll of torment {unknown}
Potions
 d - a potion of might
 g - 4 potions of mutation
 h - a potion of curing
 j - 2 potions of invisibility {unknown}
 m - a potion of lignification
 n - a potion of attraction {unknown}
 o - a potion of haste {unknown}
 p - a potion of degeneration {unknown}
 r - a potion of heal wounds {unknown}


   Skills:
 + Level 4.8 Fighting
 + Level 2.8 Short Blades
 + Level 3.7 Axes
 + Level 5.5 Armour
 + Level 1.9 Dodging
 + Level 0.6 Stealth
 + Level 4.8 Shields


You had 5 spell levels left.
You didn't know any spells.
Your spell library contained the following spells:

 Spells                   Type           Power      Damage    Failure   Level
 Malign Gateway           Summ/Tloc      0%         N/A       100%        7
 Summon Horrible Things   Summ           0%         N/A       100%        8


Dungeon Overview and Level Annotations

Branches:
Dungeon (4/15)              Sewer (visited)
 Temple: D:4-7

Altars:
Hepliaklqana
Qazlal

Annotations:
D:4 Grinder


Innate Abilities, Weirdness & Mutations

You have a pair of horns on your head.
You reflexively headbutt those who attack you in melee.


Message History

Grinder comes into view.
Found a buckler.
Grinder shouts!
You hear a shout!
You hear a bark!
The orc closely misses you.
Grinder moves out of view.
The orc barely misses you.
You hit the orc. You freeze the orc.
You kill the orc!
Things that are here:
a +0 club; an orc corpse Grinder is nearby!
Grinder is nearby!
Grinder is nearby!
Grinder is nearby!
Things that are here:
a +0 club; an orc corpse A hound comes into view.
The hound barks!
Grinder gestures at you.
You suddenly lose the ability to move!
Grinder hits you.
You writhe in agony.
* * * LOW HITPOINT WARNING * * *
Grinder gestures at you. Pain shoots through your body!
* * * LOW HITPOINT WARNING * * *
Grinder hits you but does no damage.
An ogre comes into view. It is wielding a +0 giant spiked club.
Grinder hits you but does no damage.
You can move again.
You feel better. Grinder hits you but does no damage.
You feel very mighty all of a sudden. Grinder hits you!
* * * LOW HITPOINT WARNING * * *
You feel mightier all of a sudden. Grinder hits you but does no damage.
You slash Grinder!
Grinder is heavily wounded.
Grinder hits you.
* * * LOW HITPOINT WARNING * * *
You writhe in agony.
You die...

#.......#.#
#######.#.# ####
#...# ... ##..#
.. #..###.
#..##.## ##:#...#
#######)#.).#
.......)#.@.#
.........#5##
.........##h.
...>...........
.............O...
...........#.....
...........#..#..
###.........#.#..
#####..+..#


You could see Grinder, an ogre and a hound.

Vanquished Creatures
  An ogre (D:4)
  A water moccasin skeleton (D:4)
  An iguana (D:4)
  6 adders
  A howler monkey skeleton (D:4)
  8 river rats
  2 worms (D:3)
  2 dart slugs
  10 orcs
  12 ball pythons
  4 endoplasms
  6 giant cockroaches
  7 goblins
  3 hobgoblins
  13 jackals
  A quokka (D:3)
  4 bats
  3 frilled lizards
  7 kobolds
  18 rats
110 creatures vanquished.

Vanquished Creatures (others)
  15 plants (Sewer)
15 creatures vanquished.

Grand Total: 125 creatures vanquished

Notes
Turn   | Place    | Note
-------+----------+-------------------------------------------
     0 | D:1      | lonewolfV2 the Minotaur Fighter began the quest for the
                  | Orb.
     0 | D:1      | Reached XP level 1. HP: 19/19 MP: 0/0
   146 | D:1      | Reached XP level 2. HP: 13/27 MP: 1/1
   539 | D:1      | Reached skill level 4 in Armour
   634 | D:1      | Reached XP level 3. HP: 33/33 MP: 2/2
  2107 | D:3      | Found a stormy altar of Qazlal.
  2111 | D:3      | Found a hazy altar of Hepliaklqana.
  2161 | D:3      | Reached XP level 4. HP: 40/40 MP: 3/3
  2469 | D:3      | Reached skill level 1 in Dodging
  2492 | D:3      | Found a glowing drain.
  2498 | Sewer    | Entered a sewer
  2797 | Sewer    | Reached skill level 1 in Short Blades
  2805 | Sewer    | Reached XP level 5. HP: 29/46 MP: 4/4
  4296 | D:4      | Reached XP level 6. HP: 53/53 MP: 5/5
  4422 | D:4      | Reached skill level 5 in Armour
  4448 | D:4      | Noticed Grinder
  4454 | D:4      | Paralysed by Grinder for 6 turns
  4463 | D:4      | Slain by Grinder

Illustrated notes

Levels and vault maps discovered:
D:1:      minmay_arrival_semitransparent, layout_basic, minmay_rat_gold_closets
D:2:      layout_basic
D:3:      layout_basic, chequers_temple_overflow_statue_of_worship,
          portal_sewer_entry_e, minmay_diced_spiral
D:4:      nicolae_cairo_tiling, layout_basic,
          mainiacjoe_overflow_surrounded_room, hangedman_decor_peaks_small,
          uniq_edmund, uniq_grinder

Skill      XL: |  1  2  3  4  5  6 |
---------------+-------------------+-----
Shields        | 4 |  4.8
Armour         | 4 5 |  5.5
Axes           | 3 |  3.7
Fighting       | 4 |  4.8
Dodging        | 1 |  1.9
Short Blades   | 1 2 |  2.8
Stealth        | |  0.6

Action                   |  1- 3 |  4- 6 || total
-------------------------+-------+-------++-------
Melee: War axe           |    51 |    21 ||    72
       Headbutt          |    11 |    30 ||    41
       Short sword       |    28 |   150 ||   178
  Use: Scroll            |     5 |     7 ||    12
       Potion            |       |     3 ||     3
Armor: Scale mail        |    83 |    60 ||   143
Dodge: Dodged            |    68 |    84 ||   152
Block: Buckler           |    33 |    29 ||    62

Table legend: (Time is in decaauts)
 A = Elapsed time spent in this place.
 B = Non-inter-level travel time spent in this place.
 C = Inter-level travel time spent in this place.
 D = Time resting spent in this place.
 E = Time spent auto-exploring this place.
 F = Levels seen in this place.
 G = Mean time per level.
                   A        B        C        D        E       F      G
               +--------+--------+--------+--------+--------+-----+--------+
         Total |   4664 |   4615 |     49 |    458 |   3213 |   5 |  932.8 |
       Dungeon |   3108 |   3059 |     49 |     10 |   2414 |   4 |  777.0 |
         Sewer |   1555 |   1555 |      0 |    448 |    799 |   1 | 1555.0 |
               +--------+--------+--------+--------+--------+-----+--------+

Top non-repeatable levels by time:
   Sewer: 1555 daAuts
     D:1: 1114 daAuts
     D:2: 885 daAuts
     D:3: 865 daAuts
     D:4: 243 daAuts
